Map: Dusty Gorge

Players

Weon

  • Race: Protoss Protoss
  • Spawn Location: 3:00

SalsaSteve

  • Race: Terran Terran
  • Spawn Location: 5:00

KiLLaZ - Winner!

  • Race: Protoss Protoss
  • League: Master
  • Spawn Location: 11:00

Adversity - Winner!

  • Race: Terran Terran
  • Spawn Location: 9:00

VOD

Have the link to the VOD?

Description

Time

  • Played on: July 14, 2018, 4:52 p.m.
  • Length: 10:53
Show
View Real Time Build Order
Export as new Build Order

Weon Protoss 

Build Orders: Chargelot Immortal 

Get SALT Encoding   

  12  0:01  Probe  
  13  0:13  Probe  
  14  0:19  Pylon  
  14  0:25  Probe  
  15  0:39  Gateway  
  15  0:40  Probe  
  16  0:52  Probe  
  16  0:55  Assimilator  
  17  1:05  Probe  
  18  1:17  Probe  
  19  1:23  Gateway  
  19  1:26  Cybernetics Core  
  19  1:29  Probe  
  20  1:41  Probe, Pylon  
  21  1:53  Probe  
  22  1:55  Adept, Warp Gate  
  22  2:00  Assimilator  
  22  2:03  Adept  
  24  2:14  Probe  
  26  2:21  Adept  
  26  2:22  Pylon  
  26  2:27  Shield Battery  
  28  2:30  Probe  
  29  2:42  Probe  
  30  2:53  Adept x2  
  30  2:55  Probe  
  35  2:59  Twilight Council  
  35  3:23  Probe  
  35  3:26  Nexus  
  36  3:33  Resonating Glaives  
  36  3:35  Probe  
  37  3:59  Pylon  
  37  4:02  Probe  
  38  4:05  Robotics Facility  
  38  4:11  Pylon  
  38  4:14  Probe  
  39  4:24  Gateway  
  39  4:26  Probe  
  40  4:35  Gateway  
  40  4:36  Gateway  
  40  4:38  Probe  
  40  4:39  Probe  
  42  4:46  Probe  
  43  4:56  Observer  
  44  5:00  Probe x2  
  46  5:10  Adept x2  
  46  5:12  Probe x2  
  44  5:23  Immortal  
  40  5:30  Probe  
  45  5:36  Probe  
  45  5:38  Charge  
  46  5:43  Probe  
  48  5:50  Probe  
  48  5:55  Probe  
  41  6:11  Stalker  
  41  6:12  Stalker  
  42  6:29  Probe x2  
  38  6:41  Probe, Pylon  
  37  6:48  Pylon  
  37  6:52  Immortal, Probe  
  37  6:53  Probe  
  39  7:03  Probe  
  39  7:04  Pylon  
  39  7:05  Probe  
  45  7:10  Pylon  
  45  7:11  Probe  
  46  7:17  Probe  
  46  7:19  Probe  
  47  7:23  Immortal  
  48  7:34  Probe  
  48  7:35  Probe  
  54  7:39  Adept x2  
  58  7:46  Probe  
  58  7:48  Pylon  
  59  7:57  Zealot  
  59  7:58  Zealot  
  57  8:06  Templar Archives  
  47  8:12  Sentry  
  47  8:14  Immortal, Zealot  
  51  8:20  Stalker x2  
  57  8:33  Gateway  
  57  8:35  Gateway, Zealot  
  55  8:44  Zealot x2  
  55  8:46  Observer  
  55  8:47  Probe  
  55  8:48  Probe  
  62  8:57  Gateway  
  62  8:58  Gateway  
  62  9:00  Probe x2  
  64  9:03  Sentry  
  64  9:05  High Templar  
  64  9:06  High Templar  
  70  9:12  Probe  
  70  9:27  Sentry  
  72  9:35  Zealot  
  72  9:36  Zealot  
  74  9:42  Assimilator  
  74  9:43  Gateway, Assimilator  
  71  9:47  Pylon  
  71  9:56  Nexus  
  71  10:00  Pylon  
  71  10:01  Pylon  
  71  10:05  Probe  
  55  10:22  Zealot  
  55  10:23  Zealot x3  
  55  10:24  Zealot x2  
  52  10:37  Zealot  
  54  10:44  Pylon  
Show
View Real Time Build Order
Export as new Build Order

SalsaSteve Terran 

Build Orders: 1/1/1, Banshee Rush 

Get SALT Encoding   

  12  0:00  SCV  
  13  0:13  SCV  
  14  0:22  Supply Depot  
  14  0:25  SCV  
  15  0:29  Refinery  
  15  0:43  SCV  
  15  0:47  Barracks  
  16  0:55  SCV  
  17  1:01  Refinery  
  17  1:07  SCV  
  18  1:19  SCV  
  19  1:36  Factory, Orbital Command  
  19  1:39  Reaper  
  20  1:57  Supply Depot  
  20  2:02  SCV  
  21  2:12  Reaper  
  22  2:16  SCV  
  22  2:21  Hellion  
  22  2:22  Starport  
  25  2:31  Supply Depot  
  25  2:42  Hellion  
  27  2:46  Barracks Tech Lab  
  27  2:50  SCV  
  28  3:03  Engineering Bay  
  28  3:04  Hellion  
  30  3:18  Cloaking Field  
  30  3:19  Banshee  
  33  3:23  SCV  
  33  3:25  Supply Depot  
  34  3:35  SCV  
  35  3:47  SCV  
  36  3:54  Factory Tech Lab, Barracks Reactor  
  32  3:59  SCV  
  32  4:01  Missile Turret  
  33  4:11  SCV  
  33  4:13  Siege Tank  
  37  4:19  Banshee  
  40  4:28  Command Center  
  40  4:30  SCV  
  41  4:33  Marine  
  42  4:42  SCV  
  39  4:48  Siege Tank  
  39  4:51  Marine x2  
  44  4:54  SCV  
  42  5:06  SCV  
  40  5:08  Marine  
  40  5:16  Banshee  
  40  5:18  SCV  
  44  5:34  Factory Reactor, Barracks  
  44  5:35  Barracks  
  44  5:41  SCV  
  45  5:45  Marine  
  46  5:55  Orbital Command  
  46  6:03  Marine  
  44  6:16  SCV  
  45  6:21  Marine  
  45  6:22  Barracks Tech Lab, Widow Mine  
  45  6:23  Marine x2, Widow Mine  
  47  6:34  Starport Reactor  
  47  6:39  Marine, SCV  
  46  6:40  SCV  
  46  6:41  Marine x2  
  46  6:44  Widow Mine  
  46  6:46  Marauder  
  53  6:51  SCV  
  53  6:52  SCV  
  55  6:57  Marine  
  50  7:19  Starport Reactor  
  50  7:20  Barracks Tech Lab x2  
  50  7:21  SCV x2  
  50  7:28  Terran Infantry Weapons Level 1  
  50  7:33  SCV x2  
  52  7:38  Supply Depot x2  
  52  7:39  Marine x2  
  52  7:40  Marine x2  
  52  7:42  Siege Tank  
  59  7:45  SCV  
  59  7:47  Combat Shield  
  59  7:49  Stimpack  
  60  7:52  SCV  
  61  7:59  Medivac x2  
  61  8:02  Supply Depot, Marine x2  
  61  8:03  Supply Depot  
  67  8:06  Marine x2  
  67  8:10  SCV  
  70  8:19  Marine  
  70  8:20  Marine  
  70  8:24  Marine x2  
  71  8:27  Refinery x2  
  71  8:29  Medivac  
  71  8:30  Supply Depot x2  
  71  8:33  Siege Tank  
  76  8:37  Marine x2  
  72  8:42  Marine x2  
  72  8:43  SCV x2  
  67  8:55  Missile Turret, Marine x2, SCV  
  65  9:00  Marine x2  
  69  9:04  Factory  
  69  9:06  Barracks  
  69  9:13  Marine  
  69  9:14  Marine  
  69  9:15  Siege Tank  
  74  9:17  Marine  
  74  9:18  Marine  
  74  9:22  Missile Turret  
  66  9:25  Supply Depot  
  66  9:30  Medivac  
  68  9:31  Marine x2  
  68  9:32  SCV  
  71  9:39  Marine x2  
  73  9:49  Marine, SCV x2  
  73  9:52  Marine  
  77  9:53  Siege Tank  
  77  9:57  Marine  
  81  10:00  Factory Tech Lab  
  81  10:03  SCV x2  
  80  10:15  SCV x2  
  80  10:21  Marine x2  
  81  10:25  Marine  
  81  10:26  Marine  
  81  10:27  Marine x2  
Show
View Real Time Build Order
Export as new Build Order

KiLLaZ Protoss - Winner!

Build Orders:  

Get SALT Encoding   

  12  0:01  Probe  
  13  0:14  Probe  
  14  0:20  Pylon  
  14  0:26  Probe  
  15  0:36  Probe  
  15  0:42  Gateway  
  16  0:44  Probe  
  17  0:51  Assimilator  
  17  0:52  Probe  
  18  0:58  Assimilator  
  18  1:04  Probe  
  18  1:10  Pylon  
  19  1:17  Probe  
  20  1:29  Probe  
  20  1:30  Cybernetics Core  
  21  1:42  Probe  
  22  1:54  Probe  
  23  2:02  Stalker  
  23  2:03  Nexus  
  23  2:05  Warp Gate  
  25  2:29  Robotics Facility  
  25  2:34  Sentry  
  27  2:41  Pylon  
  27  2:51  Gateway  
  27  3:02  Gateway  
  27  3:05  Sentry  
  29  3:16  Observer  
  30  3:31  Stalker  
  30  3:34  Probe x2  
  34  3:43  Immortal  
  38  4:05  Probe x2  
  38  4:09  Stalker x3  
  46  4:25  Probe x2  
  46  4:26  Pylon  
  48  4:35  Immortal  
  52  4:49  Probe  
  52  4:50  Probe  
  54  4:55  Forge  
  54  4:57  Pylon  
  54  5:01  Probe  
  54  5:02  Probe  
  54  5:06  Sentry  
  58  5:13  Probe, Pylon  
  59  5:16  Stalker  
  59  5:18  Sentry  
  63  5:21  Probe  
  63  5:25  Probe  
  63  5:28  Pylon  
  65  5:34  Probe  
  66  5:47  Probe  
  66  5:49  Probe  
  68  5:51  Assimilator  
  68  5:53  Assimilator, Twilight Council  
  68  5:59  Probe  
  68  6:01  Probe  
  70  6:09  Stalker x2  
  70  6:10  Stalker, Observer  
  73  6:11  Probe  
  73  6:24  Probe  
  51  6:41  Probe  
  33  7:35  Probe  
  33  7:37  Probe  
  33  7:43  Probe  
  35  7:45  Probe  
  37  7:53  Probe  
  38  8:05  Probe  
  39  8:17  Probe  
  40  8:51  Observer  
  40  8:57  Probe  
  41  9:05  Probe  
  42  9:15  Probe  
  43  9:28  Probe  
  44  9:40  Probe  
  45  9:59  Probe  
  46  10:07  Probe  
  47  10:17  Probe  
Show
View Real Time Build Order
Export as new Build Order

Adversity Terran - Winner!

Build Orders:  

Get SALT Encoding   

  12  0:01  SCV  
  13  0:13  SCV  
  14  0:18  Supply Depot  
  14  0:26  SCV  
  15  0:31  Refinery  
  15  0:40  SCV  
  16  0:50  Barracks  
  16  0:52  SCV  
  18  1:04  SCV  
  18  1:14  Barracks  
  18  1:18  SCV  
  19  1:31  Barracks  
  19  1:37  Reaper  
  20  1:45  Orbital Command  
  20  1:58  Supply Depot  
  20  2:01  Reaper  
  20  2:07  Refinery  
  21  2:09  Reaper  
  21  2:11  SCV  
  23  2:19  Reaper  
  24  2:23  Supply Depot  
  24  2:27  SCV  
  25  2:33  Reaper  
  26  2:39  SCV  
  26  2:43  Reaper  
  28  2:51  Reaper  
  28  2:53  SCV  
  30  3:12  Reaper  
  31  3:17  Command Center  
  31  3:18  SCV  
  33  3:23  Engineering Bay  
  33  3:26  Barracks Tech Lab  
  33  3:27  Barracks Reactor  
  33  3:31  SCV  
  32  3:43  SCV  
  32  3:45  Marine x2  
  33  3:57  Stimpack  
  33  3:59  Missile Turret  
  33  4:02  SCV  
  34  4:06  Factory  
  34  4:09  Marine x4  
  38  4:14  SCV  
  39  4:24  Terran Infantry Weapons Level 1  
  39  4:27  Missile Turret  
  39  4:35  Orbital Command  
  39  4:37  SCV  
  38  4:49  Missile Turret  
  37  4:59  Factory Reactor  
  35  5:01  SCV x2, Starport  
  36  5:27  SCV x2  
  38  5:30  Marine  
  38  5:31  Marine x3  
  42  5:39  SCV x2  
  44  5:44  Supply Depot  
  44  5:46  Medivac x2  
  48  5:51  Barracks, Marine x2, SCV x2  
  48  5:52  Barracks, Barracks Reactor  
  52  6:03  SCV  
  53  6:11  Marine x2  
  53  6:12  Marine  
  53  6:13  SCV  
  53  6:15  SCV  
  59  6:25  SCV  
  59  6:27  SCV  
  59  6:28  Marine  
  59  6:29  Marine  
  62  6:35  Refinery x2  
  62  6:36  Terran Infantry Armor Level 1, Supply Depot  
  62  6:37  Factory Tech Lab, Supply Depot, Marine x3  
  62  6:39  Supply Depot  
  65  6:40  SCV  
  65  6:41  SCV  
  67  6:48  Marine x2  
  67  6:50  Barracks Reactor x2  
  69  6:55  Marine  
  70  7:08  Siege Tank  
  72  7:10  SCV x2  
  72  7:13  Barracks  
  72  7:14  Barracks x2  
  72  7:15  Supply Depot  
  71  7:16  Barracks  
  71  7:17  Barracks  
  71  7:19  Marine x4  
  72  7:23  Marine  
  72  7:25  Medivac x2  
  72  7:28  Marine x2  
  79  7:30  Marine x2  
  79  7:36  SCV x2  
  83  7:40  Siege Tank  
  86  7:46  Marine x5  
  86  7:50  Armory  
  91  7:52  Combat Shield  
  91  7:53  Marine x3  
  91  7:54  Supply Depot, Marine, Engineering Bay  
  91  7:55  Medivac x2  
  94  8:11  Marine x3  
  94  8:12  Marine x3  
  99  8:14  Marine x3  
  99  8:16  Marine x2  
  99  8:17  Marine  
  105  8:24  Medivac  
  105  8:25  Medivac, Marine  
  110  8:29  Marine  
  110  8:30  Supply Depot  
  110  8:31  Supply Depot x2  
  110  8:32  Marine x2  
  98  8:46  Marine x2  
  98  8:48  Marine x3  
  89  8:49  Siege Tank  
  89  8:51  Marine x5  
  89  8:52  Marine x3  
  89  8:54  Medivac  
  89  8:55  Medivac  
  103  8:59  SCV x2  
  105  9:04  Marine x2  
  105  9:06  Marine x3  
  105  9:08  Marine  
  105  9:09  Marine x5  
  115  9:10  Marine x2  
  118  9:18  Command Center  
  118  9:22  Marine x2  
  118  9:23  Marine  
  118  9:24  Medivac, Marine x2  
  121  9:26  Marine x2  
  121  9:27  Marine x4  
  121  9:28  Marine x2  
  132  9:31  Medivac  
  134  9:40  Marine x2  
  134  9:41  Marine x2  
  134  9:45  Marine x3  
  137  9:50  Marine, Barracks Reactor  
  137  9:51  Barracks Reactor x2  
  137  9:52  Barracks Reactor, Siege Tank  
  135  9:54  Medivac  
  135  9:56  Factory  
  135  9:57  SCV x2  
  139  10:09  SCV  
  134  10:20  Marine x4  
  129  10:22  Medivac  
  129  10:23  Marine  
  133  10:43  Factory Tech Lab  
Tags
 
Add a new tag
Caveats
  • Supply blocks, unpowered buildings, or Contaminate may cause inaccurate times.
  • Supply counts are checked every 10 seconds.